 Dungeon Crawl Stone Soup version 0.28.0-45-g0d030f2227 (webtiles) character file.

Game seed: 4258841357537616690

128 themarg the Insei (level 5, -3/40 HPs)
             Began as a Gnoll Transmuter on Apr 10, 2022.
             Killed by nerve-wracking pain
             ... invoked by Grinder
              (9 damage)
             ... on level 3 of the Dungeon.
             The game lasted 00:05:32 (2296 turns).

themarg the Insei (Gnoll Transmuter)                Turns: 2296, Time: 00:05:33

Health: -3/40      AC:  2    Str: 10    XL:     5   Next: 11%
Magic:  7/12       EV: 22    Int: 14    God:
Gold:   93         SH:  0    Dex: 17    Spells: 10/14 levels left

rFire   . . .      SeeInvis .     - Unarmed
rCold   . . .      Faith    .   (shield currently unavailable)
rNeg    . . .      Spirit   .   (armour currently unavailable)
rPois   x          Reflect  .   (helmet currently unavailable)
rElec   .          Harm     .   (cloak currently unavailable)
rCorr   .          Rampage  .   (gloves currently unavailable)
Will    .....                   (boots currently unavailable)
Stlth   ++........              (no amulet)
HPRegen 0.13/turn               (no ring)
MPRegen 0.13/turn               (no ring)

@: spider-form (expiring)
A: venomous fangs, tiny, (fangs 1), strong nose, distributed training
a: End Transformation


You were on level 3 of the Dungeon.
You were a venomous arachnid creature.
You visited 1 branch of the dungeon, and saw 3 of its levels.

You collected 93 gold pieces.

Inventory:

Hand Weapons
 f - a +4 rapier (melded)
Missiles
 g - 57 stones
 j - 23 sling bullets
Armour
 a - a +0 robe (melded)
 i - a +1 pair of gloves of dexterity (melded)
Magical Staves
 m - a staff of conjuration
Jewellery
 o - a +6 ring of strength
Wands
 n - a wand of mindburst (4)
Scrolls
 c - 3 scrolls of identify {unknown}
 d - 2 scrolls of immolation {unknown}
 h - 2 scrolls of blinking {unknown}
 k - a scroll of amnesia {unknown}
Potions
 b - 2 potions of curing {unknown}
 e - a potion of attraction {unknown}
 l - 2 potions of heal wounds {unknown}
 p - a potion of mutation {unknown}


   Skills:
 + Level 2.9 Fighting
 + Level 1.3 Short Blades
 + Level 1.3 Long Blades
 + Level 1.3 Axes
 + Level 1.3 Maces & Flails
 + Level 1.3 Polearms
 + Level 1.3 Staves
 + Level 1.3 Slings
 + Level 1.3 Bows
 + Level 1.3 Crossbows
 + Level 1.3 Throwing
 + Level 1.3 Armour
 + Level 4.7 Dodging
 + Level 1.3 Stealth
 + Level 1.3 Shields
 + Level 6.6 Unarmed Combat
 + Level 5.1 Spellcasting
 + Level 1.1 Conjurations
 + Level 1.1 Hexes
 + Level 1.1 Summonings
 + Level 1.1 Necromancy
 + Level 1.1 Translocations
 + Level 3.9 Transmutations
 + Level 1.1 Fire Magic
 + Level 1.1 Ice Magic
 + Level 1.1 Air Magic
 + Level 1.1 Earth Magic
 + Level 1.1 Poison Magic
 + Level 1.5 Invocations
 + Level 1.3 Evocations


You had 10 spell levels left.
You knew the following spells:

 Your Spells              Type           Power      Damage    Failure   Level
a - Beastly Appendage     Tmut           28%        N/A       12%         1
b - Spider Form           Tmut/Pois      10%        N/A       38%         3

Your spell library contained the following spells:

 Spells                   Type           Power      Damage    Failure   Level
 Wereblood                Tmut           14%        N/A       16%         2
 Ice Form                 Ice/Tmut       10%        N/A       73%         4


Dungeon Overview and Level Annotations

Branches:
Dungeon (3/15)

Altars:

Annotations:
D:3 Grinder


Innate Abilities, Weirdness & Mutations

You are a venomous arachnid creature.
You have poisonous fangs.
You are tiny and dextrous.
Your spellcasting is less reliable in this form.
Your armour is entirely melded.
You are incapable of wielding weapons or throwing items.
((You have very sharp teeth.))
Your uncanny sense of smell can sniff out nearby items.
Your experience applies equally to all skills.


Message History

Grinder comes into view.
Grinder shouts!
You see here 4 gold pieces.
Your transformation has ended.
Your +4 rapier unmelds from your body.
Your +1 pair of gloves of dexterity unmelds from your body.
Your +0 robe unmelds from your body.
You feel agile.
You hit Grinder but do no damage. Grinder barely misses you.
The worm barely misses you.
Casting: Spider Form (quite dangerous; 19% risk of failure)
Confirm with . or Enter, or press ? or * to list all spells.
The spell is quite dangerous to miscast (19% risk of failure)!
Continue anyway?
You turn into a venomous arachnid creature.
Your +4 rapier melds into your body.
Your +1 pair of gloves of dexterity melds into your body.
Your +0 robe melds into your body.
You feel clumsy. Grinder misses you.
You bite Grinder!
Grinder is lightly wounded.
Grinder misses you. The worm bites you.
You bite Grinder!
Grinder is moderately wounded.
Grinder hits you. The worm barely misses you.
You hit Grinder but do no damage.
Grinder is moderately wounded.
Grinder hits you.
You writhe in agony.
You bite Grinder!
Grinder is poisoned.
Grinder is heavily wounded.
Grinder hits you!
* * * LOW HITPOINT WARNING * * *
You writhe in agony.
* * * LOW HITPOINT WARNING * * *
The worm bites you but does no damage.
You see here 4 gold pieces.
Your transformation is almost over.
Grinder gestures at you. Pain shoots through your body!
You die...

...........# ##.#.#.#
......?....# #...#.#
...........# ##..#.#
#.........######..#.###
#.........#......>#...
###.......w.#######.#.#
#<.........5# #...#
#.........#########.####
##.##....#s............#
#.##.##†#######.##.##.#
#.....†.# ####.##.##.#
####.##.# #....##.##.#
#..†.# #.#####.##.#
####.# #.# #.##.### #.#
#.# #.##...# #.####.#
#.####.# #......#
#......#


You could see Grinder (very poisoned) and a worm.

Vanquished Creatures
  A bullfrog (D:3)
  An adder (D:3)
  An adder skeleton (D:2)
  2 worms
  3 dart slugs
  An orc (D:3)
  3 endoplasms
  A giant cockroach (D:1)
  3 goblins
  5 hobgoblins (D:1)
  4 quokkas
  6 ball pythons
  2 bats
  2 frilled lizards
  2 kobolds
  4 rats
41 creatures vanquished.

Notes
Turn   | Place    | Note
-------+----------+-------------------------------------------
     0 | D:1      | themarg the Gnoll Transmuter began the quest for the Orb.
     0 | D:1      | Reached XP level 1. HP: 17/17 MP: 6/6
   194 | D:1      | Reached XP level 2. HP: 23/23 MP: 5/7
   700 | D:1      | Reached XP level 3. HP: 23/28 MP: 7/9
   898 | D:1      | Reached skill level 5 in Spellcasting
  1134 | D:2      | Learned a level 3 spell: Spider Form
  1298 | D:2      | Reached skill level 1 in Invocations
  2087 | D:3      | Found the +6 shillelagh "Devastator" {shatter}
  2158 | D:3      | Reached skill level 1 in Short Blades
  2158 | D:3      | Reached skill level 1 in Long Blades
  2158 | D:3      | Reached skill level 1 in Axes
  2158 | D:3      | Reached skill level 1 in Maces & Flails
  2158 | D:3      | Reached skill level 1 in Polearms
  2158 | D:3      | Reached skill level 1 in Staves
  2158 | D:3      | Reached skill level 1 in Slings
  2158 | D:3      | Reached skill level 1 in Bows
  2158 | D:3      | Reached skill level 1 in Crossbows
  2158 | D:3      | Reached skill level 1 in Throwing
  2158 | D:3      | Reached skill level 1 in Armour
  2158 | D:3      | Reached skill level 1 in Stealth
  2158 | D:3      | Reached skill level 1 in Shields
  2158 | D:3      | Reached skill level 1 in Evocations
  2158 | D:3      | Reached XP level 4. HP: 30/34 MP: 9/11
  2267 | D:3      | Noticed a bullfrog
  2272 | D:3      | Killed a bullfrog
  2273 | D:3      | Reached skill level 1 in Conjurations
  2273 | D:3      | Reached skill level 1 in Hexes
  2273 | D:3      | Reached skill level 1 in Summonings
  2273 | D:3      | Reached skill level 1 in Necromancy
  2273 | D:3      | Reached skill level 1 in Translocations
  2273 | D:3      | Reached skill level 1 in Fire Magic
  2273 | D:3      | Reached skill level 1 in Ice Magic
  2273 | D:3      | Reached skill level 1 in Air Magic
  2273 | D:3      | Reached skill level 1 in Earth Magic
  2273 | D:3      | Reached skill level 1 in Poison Magic
  2273 | D:3      | Reached XP level 5. HP: 40/40 MP: 7/12
  2283 | D:3      | Noticed Grinder
  2296 | D:3      | Killed from afar by Grinder

Illustrated notes

Levels and vault maps discovered:
D:1:      lightli_molten_gateway, layout_rooms
D:2:      layout_loops_corners, chequers_mini_garden, corner_web_ring,
          grunt_ministairs_1, lemuel_old_faithful
D:3:      layout_basic, hellmonk_ecumenical_altar_blasted,
          kennysheep_generic_room_2, uniq_terence, uniq_jessica, uniq_grinder

Skill      XL: |  1  2  3  4 |
---------------+-------------+-----
Spellcasting   | 5 |  5.1
Invocations    | 1 |  1.5
Short Blades   | 1 |  1.3
Long Blades    | 1 |  1.3
Axes           | 1 |  1.3
Maces & Flails | 1 |  1.3
Polearms       | 1 |  1.3
Staves         | 1 |  1.3
Slings         | 1 |  1.3
Bows           | 1 |  1.3
Crossbows      | 1 |  1.3
Throwing       | 1 |  1.3
Armour         | 1 |  1.3
Stealth        | 1 |  1.3
Shields        | 1 |  1.3
Evocations     | 1 |  1.3
Conjurations   | 1 |  1.1
Hexes          | 1 |  1.1
Summonings     | 1 |  1.1
Necromancy     | 1 |  1.1
Translocations | 1 |  1.1
Fire Magic     | 1 |  1.1
Ice Magic      | 1 |  1.1
Air Magic      | 1 |  1.1
Earth Magic    | 1 |  1.1
Poison Magic   | 1 |  1.1
Fighting       | |  2.9
Dodging        | |  4.7
Unarmed Combat | |  6.6
Transmutations | |  3.9

Action                   |  1- 3 |  4- 6 || total
-------------------------+-------+-------++-------
Melee: Dagger            |    19 |       ||    19
       Unarmed           |    12 |    13 ||    25
       Headbutt          |    14 |       ||    14
       Kick              |    16 |       ||    16
       Bite              |     5 |       ||     5
       Punch             |     1 |       ||     1
       Rapier            |    50 |     1 ||    51
 Cast: Beastly Appendage |    18 |       ||    18
       Spider Form       |     1 |     3 ||     4
 Stab: Sleeping          |     3 |       ||     3
Armor: Robe              |    17 |       ||    17
       Skin              |       |     1 ||     1
Dodge: Dodged            |    47 |    13 ||    60
